 Dungeon Crawl Stone Soup version 0.30-a0-793-g160f7cfddd (webtiles) character file.

Game seed: 7596666919896020882

227 Farfigtubin the Sneak (level 6, 0/38 HPs)
             Began as a Kobold Brigand on Feb 19, 2023.
             Slain by an iguana (5 damage)
             ... on level 5 of the Dungeon.
             The game lasted 00:10:36 (1484 turns).

Farfigtubin the Sneak (Kobold Brigand)              Turns: 1484, Time: 00:10:36

Health: 0/38       AC:  5    Str:  8    XL:     6   Next: 22%
Magic:  6/6        EV: 14    Int: 13    God:
Gold:   117        SH:  0    Dex: 18    Spells: 5/5 levels left

rFire   . . .      SeeInvis .    a - +2 dagger
rCold   . . .      Faith    .    (no shield)
rNeg    . . .      Spirit   .    p - +2 robe {Will+}
rPois   .          Reflect  .    (no helmet)
rElec   .          Harm     .    c - +0 cloak
rCorr   .          Rampage  .    (no gloves)
Will    +....                    (no boots)
Stlth   +++++                    (no amulet)
HPRegen 0.26/turn                (no ring)
MPRegen 0.10/turn                (no ring)

@: no status effects
A: small, no large weapons, nightstalker 3
a: no special abilities


You were on level 5 of the Dungeon.
You visited 1 branch of the dungeon, and saw 5 of its levels.

You collected 117 gold pieces.

Inventory:

Hand Weapons
 a - a +2 dagger (weapon)
Missiles
 d - 6 poisoned darts (quivered)
 e - 3 curare-tipped darts
 j - 11 stones
 u - a throwing net
Armour
 b - a +0 robe
 c - a +0 cloak (worn)
 p - a +2 robe of willpower (worn)
Jewellery
 o - a +4 ring of slaying
Scrolls
 f - a scroll of enchant weapon {unknown}
 h - 2 scrolls of magic mapping {unknown}
 i - a scroll of poison {unknown}
 k - a scroll of immolation {unknown}
 m - 3 scrolls of teleportation {unknown}
 q - a scroll of noise {unknown}
 v - a scroll of identify {unknown}
Potions
 g - 2 potions of flight {unknown}
 l - 2 potions of haste {unknown}
 n - a potion of curing {unknown}
 r - a potion of berserk rage {unknown}
 s - a potion of invisibility {unknown}
 t - a potion of attraction {unknown}


   Skills:
 + Level 3.8 Fighting
 * Level 5.1 Short Blades
 - Level 2.1 Throwing
 - Level 1.2 Dodging
 + Level 7.5 Stealth


You had 5 spell levels left.
You didn't know any spells.
Your spell library contained the following spells:

 Spells                   Type           Power      Damage    Failure   Level
 Summon Small Mammal      Summ           0%         N/A       30%         1
 Ozocubu's Armour         Ice            0%         N/A       67%         3
 Metabolic Englaciation   Hex/Ice        0%         N/A       100%        5
 Simulacrum               Ice/Necr       0%         N/A       100%        6


Dungeon Overview and Level Annotations

Branches:
Dungeon (5/15)
 Temple: D:4-7

Altars:
Nemelex Xobeh
Sif Muna
Trog
Vehumet
The Shining One


Innate Abilities, Weirdness & Mutations

You are small and have problems with some larger weapons.
You are completely attuned to the shadows.


Message History

Found a stone staircase leading down.
Found a scroll labelled COIKKU CIEROY.
There is a stone staircase leading down here.
v - a scroll labelled COIKKU CIEROY
Found a stone staircase leading down.
There is a stone staircase leading down here.
A quokka comes into view.
The quokka misses you.
You hit the quokka.
The quokka is heavily wounded.
The quokka bites you.
You closely miss the quokka.
The quokka is heavily wounded.
The quokka misses you.
You barely miss the quokka.
The quokka is heavily wounded.
You hit the quokka.
The quokka is almost dead.
The quokka closely misses you.
You hit the quokka.
You kill the quokka!
An ogre and an adder come into view.
An iguana comes into view.
Found a ring mail.
The helpless adder fails to defend itself.
You spit the adder like a pig!!!
You kill the adder!
The iguana hisses angrily.
The ogre shouts!
The iguana hisses menacingly.
The ogre hits you with a +0 giant spiked club!!
Ouch! That really hurt!
* * * LOW HITPOINT WARNING * * *
You hit the ogre.
The ogre is moderately wounded.
The ogre attacks as you move away! The ogre completely misses you.
Found a scroll labelled SADDAYN MASI.
The ogre attacks as you move away! The ogre closely misses you.
The iguana attacks as you move away! The iguana barely misses you.
The iguana attacks as you move away! The iguana bites you.
You die...

.#[# ##.##.#### ....####
.##..# .#.....#####
.###.### ....##.....# .#
#...## #....####.## .#
###..# ##.....##..####.#
##.# #####...#......###
#.## #.#.#####....# #..#
#...O.l@...#.# ##.#
##.?.........#####>#####
.....##...#..>..........
####.######.##..........
#.# #.###......... ###
#......... #.........
##########


You could see an ogre and an iguana.

Vanquished Creatures
  An ogre (D:3)
  Jessica (D:3)
  Ijyb (D:4)
  A gnoll (D:3)
  4 adders
  2 worms (D:3)
  A dart slug (D:1)
  3 ball pythons
  3 endoplasms
  A giant cockroach (D:3)
  4 goblins
  7 hobgoblins
  3 jackals (D:2)
  3 quokkas
  3 bats (D:1)
  2 frilled lizards
40 creatures vanquished.

Notes
Turn   | Place    | Note
-------+----------+-------------------------------------------
     0 | D:1      | Farfigtubin the Kobold Brigand began the quest for the Orb.
     0 | D:1      | Reached XP level 1. HP: 12/12 MP: 1/1
   131 | D:1      | Reached XP level 2. HP: 18/18 MP: 2/2
   160 | D:1      | Found a faded altar of an unknown god.
   332 | D:4      | Found a radiant altar of Vehumet.
   456 | D:3      | Noticed an ogre
   458 | D:3      | Killed an ogre
   459 | D:3      | Reached skill level 6 in Stealth
   459 | D:3      | Reached XP level 3. HP: 23/23 MP: 3/3
   459 | D:3      | Reached XP level 4. HP: 28/28 MP: 4/4
   459 | D:3      | Reached XP level 5. HP: 32/32 MP: 5/5
   512 | D:3      | Reached skill level 7 in Stealth
   735 | D:3      | Found a glowing golden altar of the Shining One.
   797 | D:3      | Noticed Jessica
   798 | D:3      | Found a shimmering blue altar of Sif Muna.
   801 | D:3      | Killed Jessica
   803 | D:3      | Got Sif Muna's Precepts of Sidekicks
   819 | D:3      | Found a bloodstained altar of Trog.
   871 | D:2      | Found a sparkling altar of Nemelex Xobeh.
  1255 | D:4      | Noticed Ijyb
  1261 | D:4      | Killed Ijyb
  1262 | D:4      | Reached XP level 6. HP: 38/38 MP: 6/6
  1336 | D:4      | Reached skill level 5 in Short Blades
  1403 | D:5      | Entered Level 5 of the Dungeon
  1469 | D:5      | Noticed an ogre
  1484 | D:5      | Slain by an iguana

Illustrated notes

Levels and vault maps discovered:
D:1:      eino_arrival_cavern_a, layout_rooms, shapermc_ecumenical_altar_venn
D:2:      layout_basic, basic_altar, corexii_leaking_fountain
D:3:      layout_loops_cross, nzn_overflow_gifts_of_might_and_magic,
          tso_metal_star, gammafunk_temple_overflow_wave,
          minmay_shallow_snake_nest
D:4:      layout_basic, general_overflow_altar, kennysheep_little_box,
          minmay_temple_entry_junction_2, uniq_ijyb
D:5:      layout_rooms, nicolae_dithmenos_through_a_glass_darkly,
          kennysheep_mini, uniq_prince_ribbit1

Skill      XL: |  1  2  3  4  5  6 |
---------------+-------------------+-----
Short Blades   | 3 4 5 |  5.1
Fighting       | 3 |  3.8
Stealth        | 6 7 |  7.5
Throwing       | |  2.1
Dodging        | |  1.2

Action                     |  1- 3 |  4- 6 || total
---------------------------+-------+-------++-------
  Melee: Dagger            |    24 |    68 ||    92
  Throw: Dart              |       |     6 ||     6
   Stab: Sleeping          |    10 |    14 ||    24
 Armour: Robe              |     1 |     5 ||     6
  Dodge: Dodged            |     5 |    41 ||    46

Table legend: (Time is in decaauts)
 A = Elapsed time spent in this place.
 B = Non-inter-level travel time spent in this place.
 C = Inter-level travel time spent in this place.
 D = Time resting spent in this place.
 E = Time spent auto-exploring this place.
 F = Levels seen in this place.
 G = Mean time per level.
                   A        B        C        D        E       F      G
               +--------+--------+--------+--------+--------+-----+--------+
         Total |   1464 |   1464 |      0 |      0 |     77 |   5 |  292.8 |
       Dungeon |   1464 |   1464 |      0 |      0 |     77 |   5 |  292.8 |
               +--------+--------+--------+--------+--------+-----+--------+

Top non-repeatable levels by time:
     D:4: 445 daAuts
     D:3: 437 daAuts
     D:1: 285 daAuts
     D:2: 218 daAuts
     D:5: 79 daAuts
